 Dungeon Crawl Stone Soup version 0.31.0-12-g77e489cdc1 (webtiles) character file.

Game seed: 857608799393219291

4 Goblin1989 the Sneak (level 1, -1/18 HPs)
             Began as a Demonspawn Delver on Feb 11, 2024.
             Was an Initiate of Wu Jian.
             Slain by an adder (4 damage)
             ... on level 3 of the Dungeon.
             The game lasted 00:02:36 (332 turns).

Goblin1989 the Sneak (Demonspawn Delver)             Turns: 332, Time: 00:02:36

Health: -1/18      AC:  3    Str: 12    XL:     1   Next: 58%
Magic:  0/1        EV: 11    Int: 10    God:    Wu Jian [......]
Gold:   15         SH:  0    Dex: 14    Spells: 0/0 levels left

rFire   . . .        a - +0 short sword
rCold   . . .        (no shield)
rNeg    . . .        b - +0 leather armour
rPois   .            (no helmet)
rElec   .            (no cloak)
rCorr   .            (no gloves)
SInv    .            (no boots)
Will    .....        j - amulet of guardian spirit
Stlth   ++           (no ring)
HPRegen 0.23/turn    (no ring)
MPRegen 0.07/turn

%: guardian spirit
@: brilliant, lethally poisoned (-1 -> -4)
A: no striking features
a: Renounce Religion


You were on level 3 of the Dungeon.
You worshipped Wu Jian.
Wu Jian was noncommittal.
You visited 1 branch of the dungeon, and saw 3 of its levels.

You collected 15 gold pieces.

Inventory:

Hand Weapons
 a - a +0 short sword (weapon)
 k - a +0 sling
Armour
 b - a +0 leather armour (worn)
Jewellery
 j - an amulet of guardian spirit (around neck)
Wands
 g - a wand of digging (3) {@v3}
Scrolls
 c - a scroll of fog
 d - a scroll of revelation
 e - a scroll of fear
Potions
 f - a potion of haste {@q3,}
 i - a potion of curing {unknown}
 l - a potion of brilliance


   Skills:
 + Level 3.3 Fighting
 - Level 1.7 Short Blades
 - Level 1.7 Dodging
 - Level 4.5 Stealth


You couldn't memorise any spells.
You didn't know any spells.
Your spell library was empty.

Dungeon Overview and Level Annotations

Branches:
Dungeon (5/15) Zot: 17669
 Temple: D:4-7

Altars:
Wu Jian


Message History

Health restored: 18 The giant cockroach bites you.
You take 2 damage, and have 16/18 hp.
You hit the giant cockroach but do no damage.
The giant cockroach barely misses you.
You closely miss the giant cockroach.
The giant cockroach bites you but does no damage.
The giant cockroach barely misses you.
You barely miss the giant cockroach. The giant cockroach closely misses you.
You hit the giant cockroach.
The giant cockroach is severely wounded.
The giant cockroach bites you.
You take 1 damage, and have 16/18 hp.
You barely miss the giant cockroach.
The giant cockroach is severely wounded.
The giant cockroach bites you.
You take 1 damage, and have 15/18 hp.
You hit the giant cockroach.
The giant cockroach is almost dead.
The giant cockroach barely misses you.
You hit the giant cockroach but do no damage.
The giant cockroach is almost dead.
The giant cockroach barely misses you.
You closely miss the giant cockroach.
The giant cockroach is almost dead.
The giant cockroach closely misses you.
You barely miss the giant cockroach.
The giant cockroach is almost dead.
The giant cockroach bites you.
You take 2 damage, and have 14/18 hp.
You hit the giant cockroach.
You kill the giant cockroach!
You see here a giant cockroach corpse.
There is an ornate altar of the Wu Jian Council here.
You kneel at the altar of Wu Jian.
The Council welcomes you!
You can now perform damaging attacks by moving towards foes.
Health restored: 18 A dart slug comes into view.
The dart slug launches a dart at you. The slug dart hits you.
You take 1 damage, and have 17/18 hp.
You hit the dart slug.
The dart slug is heavily wounded.
The dart slug launches a dart at you. The slug dart misses you.
You hit the dart slug.
The dart slug is severely wounded.
The dart slug launches a dart at you. The slug dart hits you.
You take 1 damage, and have 16/18 hp.
You hit the dart slug.
You kill the dart slug!
The Council accepts your kill.
Found an escape hatch in the ceiling.
Found a stone staircase leading up.
Health restored: 18
There is a stone staircase leading up here.
You climb upwards.
Found 5 stones and a robe.
There is a stone staircase leading down here.
You throw a stone.
The stone hits the adder but does no damage.
The adder hisses angrily.
You throw a stone.
The stone hits the adder but does no damage.
You miss the adder. The adder bites you.
You take 2 damage, and have 16/18 hp.
You closely miss the adder. The adder bites you.
The adder bites you but does no damage.
You take 1 damage, and have 15/18 hp.
You barely miss the adder. The adder bites you.
You are poisoned.
The adder poisons you!
You take 2 damage, and have 13/18 hp.
You hit the adder.
The adder is moderately wounded.
You feel sick. The adder bites you.
You are more poisoned.
The adder poisons you!
You take 4 damage, and have 9/18 hp.
MASSIVE DAMAGE!!
You barely miss the adder.
The adder is moderately wounded.
You feel sick. The adder bites you but does no damage.
You take 1 damage, and have 8/18 hp.
You closely miss the adder.
The adder is moderately wounded.
* * * LOW HITPOINT WARNING * * *
You feel sick. The adder bites you.
* * * LOW HITPOINT WARNING * * *
You take 4 damage, and have 4/18 hp.
MASSIVE DAMAGE!!
You now have 0/1 mp.
You barely miss the adder.
The adder is moderately wounded.
* * * LOW HITPOINT WARNING * * *
You feel sick. The adder closely misses you. The adder completely misses you.
You take 1 damage, and have 3/18 hp.
It was a potion of brilliance.
You feel clever all of a sudden.
* * * LOW HITPOINT WARNING * * *
You feel sick. The adder bites you.
You die... ███████████

█.....[...█
█.........█
▲.........▲
█.........█
█.........█
█......>..█
█....S@...█
█.......(.█
...........█
....████████
... ██


You could see an adder.

Vanquished Creatures
  A dart slug (D:4)
  A giant cockroach (D:4)
  A goblin (D:4)
3 creatures vanquished.

Notes
Turn   | Place    | Note
-------+----------+-------------------------------------------
     0 | D:5      | Goblin1989 the Demonspawn Delver began the quest for the
                  | Orb.
     0 | D:5      | Reached XP level 1. HP: 18/18 MP: 1/1
    76 | D:5      | Noticed an iguana
   259 | D:4      | Found an ornate altar of the Wu Jian Council.
   277 | D:4      | Became a worshipper of the Wu Jian Council
   332 | D:3      | Slain by an adder

Illustrated notes

Levels and vault maps discovered:
D:3:      layout_basic, ebering_ecumenical_altar_box, roderic_roman_lattice,
          minmay_misc_feat_doors
D:4:      layout_loops_ring, overflow_temple_1_default, bloody_makhleb,
          pf_guarded_unrand_woodcutter
D:5:      layout_basic, grunt_gozag_breadcrumbs, temple_hall

Action                     || total
---------------------------++-------
  Melee: Short sword       ||    24
  Throw: Stone             ||     2
    Use: Potion            ||     1
 Armour: Leather armour    ||    18
  Dodge: Dodged            ||    10
